[Event "Team 45 45 League T35"]
[Site "Internet Chess Club"]
[Date "2007.12.15"]
[Round "9"]
[White "xakelari"]
[Black "morgado"]
[Result "0-1"]
[WhiteElo "2038"]
[BlackElo "2055"]
[Opening "Caro-Kann: exchange variation"]
[ECO "B13"]
[Time "11:13:34"]
[TimeControl "2700+45"]

1. e4 c6 2. d4 d5 3. exd5 cxd5 4. Bd3 Nf6 5. c3 Bg4 6. Qb3 Qc7 7. Bg5 e6 8. Nd2
Nbd7 9. Ngf3 Bd6 10. O-O O-O 11. Rae1 Bh5 12. Qc2 Bg6 13. Bxg6 hxg6 14. Qd3 b5
15. Qe2 Ng4 16. h3 Nh2 17. Nxh2 Bxh2+ 18. Kh1 Bd6 19. Rb1 a6 20. Rfc1 Rfc8 21.
b4 Nb6 22. Nb3 Nc4 23. Ra1 Na3 24. Qb2 Nc4 25. Qe2 Qc6 26. Nc5 Ra7 27. Qc2 a5
28. a4 Rca8 29. axb5 Qxb5 30. bxa5 Bxc5 31. dxc5 Qxc5 32. Ra4 Rxa5 33. Rca1 Rxa4
34. Rxa4 Rxa4 35. Qxa4 Qxf2 36. Qe8+ Kh7 37. Qe7 Qf5 38. Bh4 Ne3 39. Qg5 Qxg5
40. Bxg5 Nd1 41. Bd2 g5 42. Kg1 Kg6 43. Kf1 Nb2 44. Ke2 e5 45. Be1 Kf5 46. Bd2
Nc4 47. g4+ Kg6 48. Be1 f5 49. gxf5+ Kxf5 50. Bg3 g4 51. h4 Ke4 52. h5 Nd6 53.
Bf2 Nf5 54. Bc5 Ng3+ 55. Kf2 Nxh5 56. Bd6 Nf4 57. Ba3 g3+ 58. Kxg3 Ne2+ 59. Kf2
Nxc3 60. Bd6 d4 61. Ke1 g5 62. Be7 g4 63. Bh4 Kf3 {White resigns} 0-1

[Event "Team 45 45 League T35"]
[Site "Internet Chess Club"]
[Date "2007.12.16"]
[Round "9"]
[White "tourettes"]
[Black "Avedldesierto"]
[Result "1/2-1/2"]
[WhiteElo "1697"]
[BlackElo "1812"]
[Opening "Alekhine's defense"]
[ECO "B02"]
[Time "11:52:08"]
[TimeControl "2700+45"]

1. e4 Nf6 2. e5 Nd5 3. c4 Nb6 4. d4 d5 5. c5 N6d7 6. Nc3 e6 7. Bd3 b6 8. b4 a5
9. Qa4 Bb7 10. bxa5 Rxa5 11. Qb3 Bxc5 12. dxc5 Nxc5 13. Qc2 d4 14. Nf3 Bxf3 15.
gxf3 dxc3 16. Be2 Nc6 17. Be3 Nd4 18. Qxc3 Nxe2 19. Kxe2 Qd7 20. Rhd1 Qb5+ 21.
Ke1 O-O 22. Bxc5 Qxc5 23. Qxc5 Rxc5 24. f4 g6 25. Rac1 Rxc1 26. Rxc1 c5 27. Rb1
Rb8 28. Ke2 Kf8 29. a4 Ke7 30. a5 Kd7 31. Rd1+ Kc6 32. Rd6+ Kb5 33. axb6 Rxb6
34. Rd7 Kc6 35. Rxf7 Rb7 36. Rf6 Kd5 37. f3 c4 38. h4 Rb2+ 39. Ke3 Rh2 40. Rf7
Rxh4 41. Rd7+ Kc5 42. Rc7+ Kb5 43. Rb7+ Kc6 44. Re7 c3 45. Rxe6+ Kb7 46. Kd3 Rg4
47. Kxc3 Rxf4 48. Re7+ Kc6 49. Rxh7 Kd5 50. Rg7 Rxf3+ 51. Kd2 Rg3 52. Re7 Rg5
53. e6 Re5 54. Kd3 Rxe6 55. Rxe6 Kxe6 56. Ke4 g5 57. Kf3 Kf5 58. Kg3 g4 59. Kh2
Kf4 60. Kg2 g3 61. Kg1 Ke3 62. Kg2 Kf4 63. Kg1 Kf3 64. Kh1 g2+ 65. Kg1 {Game
drawn by mutual agreement} 1/2-1/2

[Event "Team 45 45 League T35"]
[Site "Internet Chess Club"]
[Date "2007.12.16"]
[Round "9"]
[White "IceBox"]
[Black "Obi-Wan"]
[Result "0-1"]
[WhiteElo "1729"]
[BlackElo "1833"]
[Opening "Old Indian defense"]
[ECO "A54"]
[Time "09:01:16"]
[TimeControl "2700+45"]

1. d4 d6 2. c4 Nf6 3. Nf3 Nbd7 4. Nc3 e5 5. g3 c6 6. Bg2 Qc7 7. e4 Be7 8. O-O h6
9. b3 Nf8 10. h3 g5 11. Bb2 Ng6 12. Qc2 g4 13. hxg4 Bxg4 14. dxe5 dxe5 15. Nd1
O-O-O 16. Ne3 Bxf3 17. Bxf3 h5 18. Rfd1 h4 19. Rxd8+ Bxd8 20. Nf5 hxg3 21. fxg3
Kb8 22. Rd1 Qc8 23. Rd6 Nh7 24. Qd2 Ng5 25. Qe2 Bc7 26. Rd3 Nxf3+ 27. Rxf3 Qg8
28. Qg2 Qd8 29. Qe2 Bb6+ 30. Kg2 Rh7 31. Rd3 Qh8 32. Qg4 Rh2+ 33. Kf3 Rf2#
{White checkmated} 0-1

[Event "Team 45 45 League T35"]
[Site "Internet Chess Club"]
[Date "2007.12.16"]
[Round "9"]
[White "crankn8tr"]
[Black "egd01"]
[Result "1-0"]
[WhiteElo "1683"]
[BlackElo "1620"]
[Opening "Sicilian: Najdorf, Byrne (English) attack"]
[ECO "B90"]
[Time "14:05:40"]
[TimeControl "2700+45"]

1. e4 c5 2. Nf3 d6 3. d4 cxd4 4. Nxd4 Nf6 5. Nc3 a6 6. Be3 Ng4 7. Bg5 h6 8. Bh4
g5 9. Bg3 Bg7 10. h3 Ne5 11. Qd2 Nbc6 12. Nf5 Bxf5 13. exf5 b5 14. O-O-O O-O 15.
f4 gxf4 16. Bxf4 Na5 17. Bxh6 Bxh6 18. Qxh6 f6 19. Nd5 Kf7 20. Qh5+ Kg8 21. Nf4
Rf7 22. Ng6 Nxg6 23. fxg6 Rg7 24. Rd4 Qe8 25. Bd3 e5 26. Rh4 Kf8 27. Qh8+ Rg8
28. Qxf6+ {Black resigns} 1-0

[Event "Team 45 45 League T35"]
[Site "Internet Chess Club"]
[Date "2007.12.16"]
[Round "9"]
[White "alexcluster"]
[Black "gezira"]
[Result "0-1"]
[WhiteElo "1825"]
[BlackElo "1979"]
[Opening "King's Indian: fianchetto without c4"]
[ECO "A49"]
[Time "15:00:29"]
[TimeControl "2700+45"]

1. d4 g6 2. Nf3 Nf6 3. g3 Bg7 4. Bg2 d6 5. O-O Nbd7 6. c4 O-O 7. Qc2 c5 8. Nc3
a6 9. b3 cxd4 10. Nxd4 Nc5 11. Bb2 e5 12. Nf3 Bf5 13. Qd2 Qd7 14. Ng5 h6 15. Nf3
Rfd8 16. Rfd1 Rac8 17. Ne1 b5 18. cxb5 axb5 19. b4 Nce4 20. Nxe4 Nxe4 21. Qe3
Ng5 22. Rac1 Bg4 23. Rxc8 Rxc8 24. Nd3 Bh3 25. Rc1 Rxc1+ 26. Qxc1 Bxg2 27. Kxg2
Qb7+ 28. f3 Qd5 29. a3 Nxf3 30. exf3 Qxd3 31. Qg1 e4 32. Bxg7 exf3+ 33. Kh3 Qf5+
34. g4 f2 35. Qf1 Qf3+ 36. Kh4 g5+ 37. Kh5 Qe4 {White resigns} 0-1

[Event "Team 45 45 League T35"]
[Site "Internet Chess Club"]
[Date "2007.12.16"]
[Round "9"]
[White "Victorianum"]
[Black "mambomex"]
[Result "0-1"]
[WhiteElo "1635"]
[BlackElo "1793"]
[Opening "King's Indian, 3.Nf3"]
[ECO "E90"]
[Time "11:02:57"]
[TimeControl "2700+45"]

1. d4 Nf6 2. Nf3 g6 3. c4 Bg7 4. Nc3 O-O 5. e4 d6 6. h3 e5 7. d5 Na6 8. Bg5 Bd7
9. Be2 h6 10. Bxf6 Qxf6 11. O-O Qe7 12. Nd2 Qg5 13. Kh2 f5 14. g3 Nc5 15. h4 Qf6
16. b4 Nxe4 17. Ndxe4 fxe4 18. Nxe4 Qf5 19. Bd3 Qh3+ 20. Kg1 a6 21. Qe2 a5 22.
a3 axb4 23. axb4 Bg4 24. Rxa8 Bxe2 25. Rxf8+ Kxf8 26. Bxe2 Ke7 27. c5 Qd7 28.
Nc3 Qf5 29. c6 bxc6 30. dxc6 Qc2 31. Nd5+ Kd8 32. b5 e4 33. Bg4 h5 34. Bd7 Bd4
35. Nf4 Bb6 36. Ra1 Qxf2+ 37. Kh1 Qxg3 38. Ra8+ Ke7 39. Nd5+ Kf7 40. Nxb6 Qxh4+
41. Kg2 e3 42. Re8 Qf2+ 43. Kh3 e2 44. Nc8 h4 45. Nxd6+ cxd6 46. Kg4 Qg3# {White
checkmated} 0-1

[Event "Team 45 45 League T35"]
[Site "Internet Chess Club"]
[Date "2007.12.16"]
[Round "9"]
[White "fantanaranja"]
[Black "gugamircea"]
[Result "1-0"]
[WhiteElo "1766"]
[BlackElo "1614"]
[Opening "Queen's pawn: Torre attack"]
[ECO "A46"]
[Time "14:01:49"]
[TimeControl "2700+45"]

1. d4 Nf6 2. Nf3 e6 3. Bg5 Be7 4. e3 O-O 5. Bd3 d5 6. O-O Nbd7 7. c4 c5 8. cxd5
Nxd5 9. Bxe7 Qxe7 10. Nc3 N7f6 11. Nxd5 Nxd5 12. dxc5 Qxc5 13. Rc1 Qb6 14. Qc2
h6 15. Rfd1 Nf6 16. Ne5 Nd5 17. Bh7+ Kh8 18. Rd4 Qb5 19. Rcd1 Nf6 20. Nxf7+ Rxf7
21. Rd8+ Ne8 22. Bd3 Qd7 23. Rxd7 Bxd7 24. Bg6 Rc8 25. Qxc8 Bxc8 26. Bxf7 Nf6
27. Rd8+ {Black resigns} 1-0

[Event "Team 45 45 League T35"]
[Site "Internet Chess Club"]
[Date "2007.12.16"]
[Round "9"]
[White "MrPetrov"]
[Black "valipop"]
[Result "1-0"]
[WhiteElo "2224"]
[BlackElo "2098"]
[Opening "Modern defense: Averbakh system, Randspringer variation"]
[ECO "A40"]
[Time "13:26:01"]
[TimeControl "2700+45"]

1. d4 g6 2. c4 Bg7 3. e4 d6 4. Nc3 f5 5. g3 Nf6 6. Bg2 Nc6 7. d5 Ne5 8. f4 Nf7
9. exf5 Bxf5 10. Nf3 O-O 11. Nd4 Qd7 12. O-O Nd8 13. Re1 Re8 14. Nxf5 Qxf5 15.
Nb5 Qd7 16. Nd4 c5 17. Ne6 Nxe6 18. Bh3 Qc7 19. Bxe6+ Kh8 20. f5 Nd7 21. fxg6
hxg6 22. Qg4 Bd4+ 23. Be3 Kg7 24. Bxd4+ cxd4 25. Bxd7 {Black resigns} 1-0

[Event "Team 45 45 League T35"]
[Site "Internet Chess Club"]
[Date "2007.12.15"]
[Round "9"]
[White "Terte"]
[Black "DeepHmm"]
[Result "0-1"]
[WhiteElo "2089"]
[BlackElo "2143"]
[Opening "Sicilian: Alapin's variation (2.c3)"]
[ECO "B22"]
[Time "05:01:23"]
[TimeControl "2700+45"]

1. e4 c5 2. c3 Nf6 3. e5 Nd5 4. Nf3 e6 5. Bc4 Nc6 6. O-O Be7 7. d4 cxd4 8. cxd4
d6 9. Re1 O-O 10. Nc3 Nxc3 11. bxc3 dxe5 12. Nxe5 Nxe5 13. Rxe5 Bf6 14. Re3 Bd7
15. Ba3 Re8 16. Bd6 Bc6 17. Be5 Bxe5 18. Rxe5 Rc8 19. Qe2 Qf6 20. Re1 Red8 21.
d5 exd5 22. Bxd5 g6 23. c4 Re8 24. h3 Rxe5 25. Qxe5 Qxe5 26. Rxe5 Bxd5 27. cxd5
Rc1+ 28. Kh2 Kf8 29. d6 Rd1 30. Re7 Rxd6 31. Rxb7 Ra6 32. Rb2 Ra3 33. Re2 f5 34.
Kg1 Kf7 35. Kf1 Kf6 36. Ke1 f4 37. f3 Kg5 38. Kf2 Kh4 39. Rd2 h6 40. Re2 g5 41.
Rd2 Ra5 42. Re2 h5 43. Rc2 a6 44. Rd2 Rc5 45. Re2 Rc1 46. Re1 Rc3 47. Re2 a5 48.
Rd2 a4 49. Re2 a3 50. Rd2 Rc1 51. Re2 Rb1 52. Rc2 Rb2 53. Re2 g4 54. hxg4 hxg4
55. Kf1 Kg3 56. fxg4 Rxe2 57. Kxe2 Kxg2 58. g5 f3+ 59. Ke3 f2 60. g6 f1=Q 61. g7
Qf7 {White resigns} 0-1

[Event "Team 45 45 League T35"]
[Site "Internet Chess Club"]
[Date "2007.12.15"]
[Round "9"]
[White "Sleete"]
[Black "andreip"]
[Result "0-1"]
[WhiteElo "2103"]
[BlackElo "2119"]
[Opening "Sicilian: closed"]
[ECO "B23"]
[Time "16:20:20"]
[TimeControl "2700+45"]

1. e4 c5 2. Nc3 d6 3. Nf3 Nf6 4. d4 cxd4 5. Bb5+ Bd7 6. Bxd7+ Qxd7 7. Nxd4 g6 8.
Bg5 Bg7 9. O-O O-O 10. Re1 h6 11. Bxf6 Bxf6 12. Qd3 Rd8 13. Rad1 Bg7 14. Nf3 Nc6
15. e5 Qg4 16. Qb5 Nxe5 17. Nxe5 Bxe5 18. Qxb7 e6 19. Qe7 Rdc8 20. Nb5 d5 21. h3
Qf4 22. g3 Qf6 23. Qxf6 Bxf6 24. Nd4 Bxd4 25. Rxd4 Rxc2 26. Rb4 Rac8 27. Rb7
R8c7 28. Rxc7 Rxc7 29. Re2 Kf8 30. Rd2 Ke7 31. Kf1 Kd6 32. Rd3 e5 33. Ra3 e4 34.
f3 Ke5 35. fxe4 Kxe4 36. Ke1 d4 37. Kd2 Rb7 38. b4 Rxb4 39. Rxa7 Rb2+ 40. Kc1
Rg2 41. Rxf7 Rxg3 42. Re7+ Kd3 43. Rb7 Ke2 44. Rb2+ Ke3 45. Rb6 Rxh3 46. Rxg6
Rh1+ 47. Kb2 d3 48. Re6+ Kd2 49. a4 h5 50. a5 Re1 51. Rd6 Re7 52. a6 Ke2 53. Kc3
h4 54. Rd5 h3 55. a7 Rc7+ 56. Kb3 Rxa7 57. Re5+ Kf2 58. Rf5+ Kg2 59. Rg5+ Kf3
60. Rd5 Re7 61. Rh5 Kg4 62. Rh6 Rd7 63. Rg6+ Kf3 64. Rf6+ Kg2 65. Rg6+ Kh1 66.
Rf6 d2 67. Rf1+ Kg2 68. Rd1 h2 69. Kc2 h1=Q 70. Rxd2+ Rxd2+ 71. Kxd2 Qh6+ {White
resigns} 0-1

[Event "Team 45 45 League T35"]
[Site "Internet Chess Club"]
[Date "2007.12.16"]
[Round "9"]
[White "primerpaso"]
[Black "Frankly"]
[Result "1-0"]
[WhiteElo "1911"]
[BlackElo "1767"]
[Opening "English: Bremen system, Keres variation"]
[ECO "A23"]
[Time "13:06:42"]
[TimeControl "2700+45"]

1. c4 e5 2. Nc3 Nf6 3. g3 c6 4. Nf3 e4 5. Nd4 d5 6. Bg2 Qb6 7. Nc2 Bc5 8. O-O
O-O 9. cxd5 cxd5 10. b3 Bd7 11. Bb2 Ng4 12. e3 Qh6 13. h3 Nf6 14. g4 Bd6 15. f4
exf3 16. Qxf3 Bc6 17. Nd4 Be5 18. Nf5 Qg5 19. d4 Bc7 20. Rae1 Re8 21. b4 g6 22.
Ng3 Kg7 23. b5 Bd7 24. Bc1 Qh4 25. Qxf6+ Qxf6 26. Rxf6 Kxf6 27. Nxd5+ {Black
resigns} 1-0

[Event "Team 45 45 League T35"]
[Site "Internet Chess Club"]
[Date "2007.12.16"]
[Round "9"]
[White "tammany"]
[Black "cityprosecutor"]
[Result "0-1"]
[WhiteElo "1616"]
[BlackElo "1831"]
[Opening "Grünfeld: Spassky variation, main line, 10...cd, 11.cd"]
[ECO "D88"]
[Time "17:05:40"]
[TimeControl "2700+45"]

1. d4 Nf6 2. c4 g6 3. Nc3 d5 4. cxd5 Nxd5 5. e4 Nxc3 6. bxc3 c5 7. Bc4 Bg7 8.
Ne2 O-O 9. O-O Nc6 10. Be3 Na5 11. Bd3 cxd4 12. cxd4 Nc6 13. Bc4 e6 14. Rb1 b6
15. Qd2 Bb7 16. f3 Rc8 17. Rfd1 Nxd4 18. Bxd4 Rxc4 19. Qb2 Bxd4+ 20. Nxd4 Qe7
21. Nb5 Qc5+ 22. Kh1 Rc2 23. Qd4 Qxd4 24. Rxd4 Rxa2 25. Rd7 Ba6 26. Rxa7 Ra5 27.
Nc7 Bd3 28. Rxa5 bxa5 29. Rc1 a4 30. Rc3 Rb8 31. Kg1 Rb3 32. Rc1 a3 33. Ra1 Rb1+
34. Rxb1 Bxb1 {White resigns} 0-1

[Event "Team 45 45 League T35"]
[Site "Internet Chess Club"]
[Date "2007.12.16"]
[Round "9"]
[White "mickeys"]
[Black "b-spot"]
[Result "1-0"]
[WhiteElo "1702"]
[BlackElo "1662"]
[Opening "QGD semi-Slav: 5...Nd7"]
[ECO "D45"]
[Time "09:59:00"]
[TimeControl "2700+45"]

1. d4 d5 2. Nf3 Nf6 3. c4 c6 4. Nc3 e6 5. e3 Nbd7 6. Bd2 a6 7. Qc2 Bd6 8. e4
dxe4 9. Nxe4 Nxe4 10. Qxe4 c5 11. Bd3 Nf6 12. Qh4 cxd4 13. O-O Bd7 14. Nxd4 Bc5
15. Bc3 Bc6 16. Rad1 Bd7 17. Nf3 Be7 18. Qg5 g6 19. Qf4 Rc8 20. Ne5 O-O 21. Qh6
Re8 22. Nxd7 Qxd7 23. Bxg6 Qc7 24. Bxh7+ {Black resigns} 1-0

[Event "Team 45 45 League T35"]
[Site "Internet Chess Club"]
[Date "2007.12.14"]
[Round "9"]
[White "dougmo"]
[Black "IronWill"]
[Result "1-0"]
[WhiteElo "1579"]
[BlackElo "1505"]
[Opening "Scandinavian: Marshall variation"]
[ECO "B01"]
[Time "17:27:36"]
[TimeControl "2700+45"]

1. e4 d5 2. exd5 Nf6 3. d4 Nxd5 4. Nf3 Bg4 5. Be2 e6 6. Ne5 Bxe2 7. Qxe2 Nd7 8.
O-O N7b6 9. c4 Ne7 10. Rd1 Nc6 11. Nxc6 bxc6 12. Nc3 Bb4 13. Qg4 Rg8 14. Ne4
Nxc4 15. Bg5 Be7 16. b3 Nd6 17. Be3 f5 18. Qh5+ g6 19. Qxh7 Nxe4 20. Qxg8+ Kd7
21. Qxd8+ Rxd8 22. Rac1 Ba3 23. Rc2 Rb8 24. f3 Nd6 25. h4 Nb5 26. Kf2 a6 27. g4
Rh8 28. Rh1 Be7 29. h5 fxg4 30. fxg4 Rf8+ 31. Ke2 gxh5 32. gxh5 Bf6 33. Kd3 e5
34. dxe5 Bxe5 35. h6 Nd6 36. Rf2 Rh8 37. Bd4 Bxd4 38. Kxd4 Rh7 39. Ke3 Re7+ 40.
Kd3 Rh7 41. Rf8 Ne8 42. Kc4 Ke7 43. Rxe8+ Kxe8 44. Kb4 Kd8 45. Ka5 Kc8 46. Kxa6
Kb8 47. b4 Kc8 48. Ka7 Kd7 49. Kb7 Kd6 50. a4 c5 51. bxc5+ Kxc5 52. Ka6 Rh8 53.
h7 c6 54. Kb7 Kb4 55. Kxc6 {Black resigns} 1-0

[Event "Team 45 45 League T35"]
[Site "Internet Chess Club"]
[Date "2007.12.15"]
[Round "9"]
[White "Russ"]
[Black "werty"]
[Result "1/2-1/2"]
[WhiteElo "1269"]
[BlackElo "1453"]
[Opening "King's Indian: 5.Be2"]
[ECO "E73"]
[Time "10:13:08"]
[TimeControl "2700+45"]

1. d4 Nf6 2. c4 d6 3. Nc3 g6 4. e4 Bg7 5. Be2 Nbd7 6. Bg5 O-O 7. Qd2 e5 8. d5
Nb6 9. b3 Bd7 10. Bf3 Qc8 11. h3 c6 12. Nge2 cxd5 13. exd5 Re8 14. Ne4 Nxe4 15.
Bxe4 f5 16. Bc2 e4 17. Rd1 Be5 18. Bf4 Qd8 19. Bxe5 Rxe5 20. O-O Qf6 21. Qh6
Rae8 22. Rfe1 e3 23. f4 R5e7 24. Rd4 Qg7 25. Qxg7+ Kxg7 26. g3 h5 27. h4 Bc8 28.
Kg2 Nd7 29. b4 b6 30. a4 Ba6 {Game drawn by mutual agreement} 1/2-1/2

[Event "Team 45 45 League T35"]
[Site "Internet Chess Club"]
[Date "2007.12.16"]
[Round "9"]
[White "jazzyrick"]
[Black "Lazerpawn"]
[Result "1-0"]
[WhiteElo "1587"]
[BlackElo "1742"]
[Opening "French: exchange variation"]
[ECO "C01"]
[Time "16:01:33"]
[TimeControl "2700+45"]

1. e4 e6 2. d4 d5 3. exd5 exd5 4. Nf3 Nf6 5. Bd3 Ne4 6. Qe2 f5 7. O-O Bd6 8. Bg5
Be7 9. Bxe7 Qxe7 10. Re1 O-O 11. Nc3 c6 12. Ne5 Nd7 13. Nxd7 Bxd7 14. f3 Qf6 15.
fxe4 fxe4 16. Nxe4 dxe4 17. Bc4+ Kh8 18. c3 Rae8 19. Qe3 Qf4 20. Qxf4 Rxf4 21.
Re3 Be6 22. Be2 g5 23. g3 Rff8 24. Rxe4 Bd5 25. Rxe8 Rxe8 26. Kf2 Kg7 27. a3
Rf8+ 28. Ke3 Re8+ 29. Kd2 Rf8 30. Rf1 Rxf1 31. Bxf1 Kf6 32. c4 Bf7 33. Ke3 h6
34. h4 gxh4 35. gxh4 Be6 36. b3 Kg6 37. Be2 Kf5 38. Bf3 Bd7 39. Bh5 b6 40. Kf3
Kf6 41. Kf4 Bf5 42. Bd1 Be6 43. Bc2 Bf7 44. Be4 Be8 45. d5 cxd5 46. cxd5 Bd7 47.
b4 a5 48. bxa5 bxa5 49. Bd3 Bh3 50. Ba6 Bg2 51. Bb7 Kg6 52. d6 Bh3 53. Bc6 Kf6
54. Bf3 Bf1 55. d7 Ke7 56. Bg4 Bd3 57. Ke5 Bc4 58. Be6 Bd3 59. Kd5 Bc2 60. Kc6
Kd8 61. Kb6 a4 62. Kc5 Bd1 63. Kb4 Bc2 64. Bc4 Kxd7 65. Bb5+ Kd6 66. Bxa4 Bg6
67. Bb5 Ke5 68. Be2 Kf4 69. a4 Kg3 70. h5 Be4 71. Bc4 Kh4 72. Bf7 Kg5 73. a5 Kf6
74. Be8 Ke7 75. Bg6 Bf3 76. Kc5 Kd7 77. Kb6 Kc8 78. a6 Kb8 79. Be8 Bg4 80. a7+
Ka8 81. Bc6# {Black checkmated} 1-0

[Event "Team 45 45 League T35"]
[Site "Internet Chess Club"]
[Date "2007.12.15"]
[Round "9"]
[White "Chessadelic"]
[Black "Ziah"]
[Result "1-0"]
[WhiteElo "1645"]
[BlackElo "1709"]
[Opening "Bird's opening: Lasker variation"]
[ECO "A03"]
[Time "04:36:31"]
[TimeControl "2700+45"]

1. f4 d5 2. Nf3 Nf6 3. e3 c5 4. Be2 Nc6 5. O-O Bf5 6. d3 e6 7. Nh4 Bg6 8. Qe1
Bh5 9. Bxh5 Nxh5 10. Nc3 Be7 11. Nf3 O-O 12. b3 d4 13. Ne4 dxe3 14. Bxe3 b6 15.
Ne5 Nd4 16. Rc1 Nf6 17. c3 Nf5 18. Bd2 Qc7 19. Ng3 Nxg3 20. Qxg3 Rad8 21. Rce1
Nd7 22. a4 Qd6 23. Nc4 Qd5 24. f5 Kh8 25. Rf3 Bf6 26. fxe6 fxe6 27. Qg4 Ne5 28.
Nxe5 Bxe5 29. Rh3 g6 30. Qxg6 Rd7 31. Qh5 Rf5 32. Qe8+ Kg7 33. Rxe5 Rxe5 34.
Rg3+ Kf6 35. Qh8+ Ke7 36. Rg7+ Kd6 37. Qb8+ Kc6 38. Qc8+ Kd6 39. Qxd7# {Black
checkmated} 1-0

[Event "Team 45 45 League T35"]
[Site "Internet Chess Club"]
[Date "2007.12.15"]
[Round "9"]
[White "jacknor"]
[Black "tryanything"]
[Result "0-1"]
[WhiteElo "1655"]
[BlackElo "1677"]
[Opening "English: Carls' Bremen system"]
[ECO "A22"]
[Time "18:03:16"]
[TimeControl "2700+45"]

1. c4 e5 2. Nc3 Nf6 3. g3 Nc6 4. Bg2 d6 5. e3 Be7 6. Nge2 Be6 7. Nd5 O-O 8. O-O
Rb8 9. Nxf6+ Bxf6 10. d3 d5 11. c5 b5 12. Rb1 a5 13. b3 b4 14. h3 Qd7 15. Kh2
Rfd8 16. f4 g6 17. Bb2 Bg7 18. d4 e4 19. Bc1 f5 20. Rh1 Na7 21. Bd2 c6 22. Kg1
h5 23. h4 Kf7 24. Kf2 Nb5 25. Be1 Rh8 26. Rb2 Ra8 27. Rd2 Ke7 28. Kf1 Bf6 29.
Bf2 Kf7 30. Rc2 Kg7 31. Ng1 Nc3 32. Qc1 Nb5 33. Nh3 Be7 34. Ng5 Bxg5 35. hxg5
Na3 36. Re2 Nb5 37. Be1 Kf7 38. Kg1 Kg7 39. Bf1 Qb7 40. Reh2 Rh7 41. Rh4 Rah8
42. Qd2 Kf7 43. R1h3 Kg7 44. Qh2 Kg8 45. Be2 Nc3 46. Bxc3 bxc3 47. Bd1 Bc8 48.
Qc2 Qb4 49. Rh2 Ba6 50. Be2 Bxe2 51. Rxe2 Rb7 52. Kg2 Kg7 53. Rh2 a4 54. Kh3
axb3 55. axb3 Qxb3 56. Qxb3 Rxb3 57. Rc2 Ra8 58. Rh1 Kf7 59. Rhc1 Raa3 60. Kg2
Ke7 61. Kf1 Kd7 62. Ke1 Kc7 63. Kd1 Kb7 64. Rh2 c2+ 65. Ke1 Rxe3+ 66. Kf2 Rf3+
67. Ke2 Rae3+ 68. Kd2 Rd3+ 69. Kxc2 Rxd4 70. Rb1+ Kc7 71. Rg2 Rc4+ 72. Kd2 Rxc5
73. Rgg1 Rd3+ 74. Ke1 Rcc3 75. Ra1 Rb3 76. Rg2 Rxg3 77. Ra7+ Kb6 78. Rga2 Rh3
79. R7a6+ Kc5 80. Rc2+ Rbc3 {White resigns} 0-1

[Event "Team 45 45 League T35"]
[Site "Internet Chess Club"]
[Date "2007.12.13"]
[Round "9"]
[White "thalamus"]
[Black "quotha"]
[Result "0-1"]
[WhiteElo "1452"]
[BlackElo "1613"]
[Opening "Danish gambit"]
[ECO "C21"]
[Time "19:03:10"]
[TimeControl "2700+45"]

1. e4 e5 2. d4 exd4 3. c3 d6 4. cxd4 Be7 5. Nf3 Nf6 6. Nc3 Bg4 7. Bc4 O-O 8. Bf4
Nc6 9. d5 Nb8 10. O-O Nbd7 11. h3 Bh5 12. Re1 a6 13. e5 dxe5 14. Bxe5 Nxe5 15.
Rxe5 Bd6 16. Re1 Qd7 17. Qd4 Bxf3 18. gxf3 Qxh3 19. Qd3 Bh2+ 20. Kh1 Bg3+ 21.
Kg1 Qh2+ {White resigns} 0-1

[Event "Team 45 45 League T35"]
[Site "Internet Chess Club"]
[Date "2007.12.17"]
[Round "9"]
[White "littleboo"]
[Black "sra66"]
[Result "1/2-1/2"]
[WhiteElo "1453"]
[BlackElo "1458"]
[Opening "Sicilian: closed"]
[ECO "B23"]
[Time "16:28:52"]
[TimeControl "2700+45"]

1. e4 c5 2. Nc3 d6 3. Nf3 g6 4. d4 cxd4 5. Qxd4 Nf6 6. Be3 Nc6 7. Bb5 Bg7 8. Qc4
Bd7 9. O-O O-O 10. h3 a6 11. Bxc6 Bxc6 12. Rad1 Rc8 13. Qd3 Ne8 14. Bd4 Nf6 15.
e5 Nd5 16. exd6 Nxc3 17. Bxg7 Nxd1 18. dxe7 Qxd3 19. exf8=Q+ Rxf8 20. cxd3 Kxg7
21. Rxd1 Bb5 22. Nd4 Ba4 23. Re1 Rd8 24. Re4 Bd1 25. Kf1 Kf6 26. Ke1 Ba4 27. Kd2
Rd5 28. b3 Bd7 29. Ke3 h5 30. h4 {Game drawn by mutual agreement} 1/2-1/2

[Event "Team 45 45 League T35"]
[Site "Internet Chess Club"]
[Date "2007.12.17"]
[Round "9"]
[White "rgadoury"]
[Black "Cataclysm"]
[Result "1-0"]
[WhiteElo "1273"]
[BlackElo "1294"]
[Opening "Queen's pawn game"]
[ECO "A45"]
[Time "15:31:34"]
[TimeControl "2700+45"]

1. d4 Nf6 2. g3 c5 3. Nf3 cxd4 4. Nxd4 e5 5. Nf5 d5 6. Ne3 Nc6 7. c3 Be7 8. Bg2
e4 9. Nd2 O-O 10. O-O Bc5 11. Nb3 Bxe3 12. Bxe3 Ng4 13. Bd4 f5 14. h3 Nge5 15.
f3 Qg5 16. Bxe5 Qe3+ 17. Kh1 Nxe5 18. Qxd5+ Nf7 19. fxe4 Qxe2 20. exf5 Qe5 21.
Qxe5 Nxe5 22. Bd5+ Kh8 23. Be6 Rf6 24. Rad1 Bxe6 25. fxe6 Rxe6 26. Nd4 Rf6 27.
Rxf6 gxf6 28. b3 Rg8 29. Kg2 Kg7 30. Nf5+ Kf8 31. Rd8+ Kf7 32. Nh6+ Kg6 33. Nxg8
Kf5 34. Nh6+ Ke4 35. Ng4 f5 36. Nxe5 f4 37. gxf4 Kxf4 38. Nf3 Kf5 39. Rd7 {Black
forfeits on time} 1-0

[Event "Team 45 45 League T35"]
[Site "Internet Chess Club"]
[Date "2007.12.15"]
[Round "9"]
[White "JimGaming"]
[Black "JoshK"]
[Result "0-1"]
[WhiteElo "1296"]
[BlackElo "1530"]
[Opening "Sicilian: Grand Prix attack"]
[ECO "B23"]
[Time "14:00:33"]
[TimeControl "2700+45"]

1. e4 c5 2. Nc3 Nc6 3. f4 g6 4. Nf3 Bg7 5. Bb5 Nd4 6. O-O Nxb5 7. Nxb5 d6 8. d3
Nf6 9. Nc3 O-O 10. Qe1 Re8 11. Qh4 Bd7 12. f5 gxf5 13. Bh6 Bxh6 14. Qxh6 Qb6 15.
b3 fxe4 16. Ng5 c4+ 17. Kh1 Qd4 18. Ncxe4 Bf5 19. h3 Bxe4 20. dxe4 cxb3 21. axb3
Rac8 22. c4 a6 23. Rad1 Qe5 24. Rf5 Qb2 25. Rxf6 Qxf6 26. Qxf6 exf6 27. Nf3 Rc6
28. Nd2 Re5 29. Rf1 Kg7 30. Rf5 Rxf5 31. exf5 Kh6 32. Ne4 Rb6 33. Nd2 Kg5 34. g4
Kf4 35. Kg2 a5 36. Kf2 a4 37. c5 dxc5 38. Nc4 axb3 39. Nb2 Ra6 40. Nd3+ Kg5 41.
Nxc5 b2 42. Ne4+ Kf4 43. Nc3 Rd6 44. Ke2 b5 45. Nb1 Kg3 46. Nc3 b4 47. Ne4+ Kxh3
48. Nd2 Rxd2+ {White resigns} 0-1

[Event "Team 45 45 League T35"]
[Site "Internet Chess Club"]
[Date "2007.12.16"]
[Round "9"]
[White "jocooper"]
[Black "tmac63"]
[Result "1-0"]
[WhiteElo "1121"]
[BlackElo "1032"]
[Opening "Old Indian defense"]
[ECO "A42"]
[Time "14:01:29"]
[TimeControl "2700+45"]

1. d4 d6 2. c4 c5 3. Nc3 Nc6 4. e3 Bg4 5. Qxg4 e6 6. Qd1 Nf6 7. Nf3 Be7 8. Be2
O-O 9. O-O a6 10. d5 exd5 11. cxd5 Ne5 12. Nxe5 dxe5 13. e4 Bd6 14. Bg5 Rb8 15.
Rc1 b5 16. Bxf6 Qxf6 17. Bf3 Qd8 18. Ne2 b4 19. b3 Qd7 20. Ng3 Rfc8 21. Nf5 g6
22. Nxd6 Qxd6 23. Bg4 Rc7 24. Qd3 a5 25. Rc2 Rbc8 26. Bxc8 Rxc8 27. Rfc1 f5 28.
f3 fxe4 29. fxe4 Rf8 30. Rxc5 a4 31. Rc6 Qb8 32. bxa4 Qa8 33. Qb5 Qe8 34. Rc8
Qf7 35. Rxf8+ Qxf8 36. d6 Qxd6 37. Rc8+ Kg7 38. Rc1 Qd2 39. Qb7+ Kh6 40. Rf1
Qxa2 41. Qxb4 Qe2 42. Re1 Qg4 43. Qd2+ g5 44. Qd6+ Kh5 45. Qxe5 Qd7 46. Qb5 Qd2
47. Qe8+ Kh6 48. Qf8+ Kg6 49. Rf1 g4 50. Qf5+ Kg7 51. Qxg4+ Kh6 52. Rf6# {Black
checkmated} 1-0